 Dungeon Crawl Stone Soup version 0.30-a0-918-g0ff054e9dc (webtiles) character file.

Game seed: 17380296728951177062

0 Ghaji the Firebug (level 1, -1/18 HPs)
             Began as a Human Cinder Acolyte on Mar 20, 2023.
             Was a High Priest of Ignis.
             Slain by a quokka (3 damage)
             ... on level 1 of the Dungeon.
             The game lasted 00:01:07 (119 turns).

Ghaji the Firebug (Human Cinder Acolyte)             Turns: 119, Time: 00:01:07

Health: -1/18      AC:  2    Str: 14    XL:     1   Next: 11%
Magic:  2/2        EV: 11    Int: 14    God:    Ignis [*****.]
Gold:   6          SH:  0    Dex:  8    Spells: 2/2 levels left

rFire   + . .      SeeInvis .    a - -1 mace (flame)
rCold   . . .      Faith    .    (no shield)
rNeg    . . .      Spirit   .    b - +0 robe
rPois   .          Reflect  .    (no helmet)
rElec   .          Rampage  .    (no cloak)
rCorr   .                        (no gloves)
Will    .....                    (no boots)
Stlth   +                        (no amulet)
HPRegen 0.23/turn                (no ring)
MPRegen 0.08/turn                (no ring)

@: no status effects
A: no striking features
a: Renounce Religion, Fiery Armour, Foxfire Swarm, Rising Flame


You were on level 1 of the Dungeon.
You worshipped Ignis.
Ignis was extremely pleased with you.
You visited 1 branch of the dungeon, and saw 1 of its levels.

You collected 6 gold pieces.

Inventory:

Hand Weapons
 a - a -1 mace of flaming (weapon)
Missiles
 c - 7 stones (quivered)
Armour
 b - a +0 robe (worn)


   Skills:
 + Level 3.0 Fighting
 + Level 3.0 Maces & Flails
 + Level 1.0 Spellcasting
 + Level 3.0 Fire Magic


You had 2 spell levels left.
You didn't know any spells.
Your spell library contained the following spells:

 Spells                   Type           Power      Damage    Failure   Level
 Scorch                   Fire           18%        2d6       12%         2


Dungeon Overview and Level Annotations

Branches:
Dungeon (1/15)

Altars:


Message History

Found 6 gold pieces.
The rat bites you. The rat bites you but does no damage. The rat bites you.
The rat bites you but does no damage.
You sock the rat! You burn the rat.
You kill the rat!
You see here a rat corpse.
Okay, then.
Okay, then.
You now have 6 gold pieces.
There are no items here.
You see here a rat corpse.
A quokka comes into view.
Found a runed helmet.
The quokka bites you.
You hit the quokka but do no damage. The quokka bites you.
You hit the quokka but do no damage.
The quokka bites you but does no damage.
The quokka closely misses you.
You hit the quokka but do no damage. The quokka barely misses you.
You barely miss the quokka. The quokka bites you.
The quokka closely misses you.
You hit the quokka but do no damage. The quokka bites you.
You closely miss the quokka. The quokka closely misses you.
The quokka bites you.
* * * LOW HITPOINT WARNING * * *
You closely miss the quokka. The quokka closely misses you.
You hit the quokka but do no damage. The quokka completely misses you.
The quokka bites you but does no damage.
You hit the quokka but do no damage. The quokka barely misses you.
You closely miss the quokka. The quokka misses you. The quokka bites you.
* * * LOW HITPOINT WARNING * * *
You barely miss the quokka. The quokka barely misses you.
You hit the quokka but do no damage. The quokka misses you.
The quokka closely misses you.
You barely miss the quokka. Your punch misses the quokka. The quokka bites you.
* * * LOW HITPOINT WARNING * * *
You barely miss the quokka. The quokka closely misses you.
The quokka bites you.
You die...

###
#.############
#..#..........
#......#
#######.##.#.#
#..........#@#
#.######.###r#
#.# #.# #.#
#.# #.# #..
#.# .# #..
#.## .# #..#
#####..# ..
...# .......#
.# ##[#
#####†.#


You could see a quokka.

Vanquished Creatures
  A rat (D:1)
1 creature vanquished.

Notes
Turn   | Place    | Note
-------+----------+-------------------------------------------
     0 | D:1      | Ghaji the Human Cinder Acolyte began the quest for the Orb.
     0 | D:1      | Reached XP level 1. HP: 18/18 MP: 2/2
   119 | D:1      | Slain by a quokka

Illustrated notes

Levels and vault maps discovered:
D:1:      ebering_hopf_link, layout_basic, nicolae_ecumenical_lake_church,
          st_stairs_2

Action                     || total
---------------------------++-------
  Melee: Mace              ||    15
 Armour: Robe              ||     4
  Dodge: Dodged            ||    12

Table legend: (Time is in decaauts)
 A = Elapsed time spent in this place.
 B = Non-inter-level travel time spent in this place.
 C = Inter-level travel time spent in this place.
 D = Time resting spent in this place.
 E = Time spent auto-exploring this place.
 F = Levels seen in this place.
 G = Mean time per level.
                   A        B        C        D        E       F      G
               +--------+--------+--------+--------+--------+-----+--------+
         Total |    122 |    122 |      0 |      0 |      0 |   1 |  122.0 |
       Dungeon |    122 |    122 |      0 |      0 |      0 |   1 |  122.0 |
               +--------+--------+--------+--------+--------+-----+--------+

Top non-repeatable levels by time:
     D:1: 122 daAuts
